AoeStats
← Jewish Conspirator

Black Forest

508299357Analyzed
4v4 RM · 12d ago on Sep 21, 2026· 49m 10s· 8 players
Game mode
Random Map
Map size
Large (8 player)
Population
200
Speed
Normal
Resources
Standard
Victory
Conquest
Starting age
Dark Age
Ending age
Imperial Age
RankedLock teamsTeams togetherTeam positionsShared explorationLock speedFull tech treeHidden civsTurbo modeCheats
Victory
Defeat
🇦🇷 Goths · Argentina
1045
+11
🇦🇷 Inca · Argentina
993
+13
🇦🇷 Franks · Argentina
948
+14
🇪🇸 Romans · Spain
834
+18
🇪🇸 Cumans · Spain
947
-15
🇦🇷 Chinese · Argentina
921
-34
🇨🇳 Armenians · China
901
-14
🇨🇦 Portuguese · Canada
883
-13
patatitoRTILLA
14:19 Feudal Age
14:07 Loom
17:54 Double-Bit Axe
17:58 Horse Collar
20:05 Wheelbarrow
21:55 Wheelbarrow
24:27 Castle Age
24:12 Padded Archer Armor
24:03 Fletching
24:51 Wheelbarrow
24:57 Wheelbarrow
24:07 Town Watch
25:53 Bow Saw
25:52 Squires
25:12 Pikeman
27:26 Hand Cart
28:17 Forging
28:08 Scale Mail Armor
28:07 Bodkin Arrow
29:11 Crossbowman
32:57 Thumb Ring
35:12 Stone Mining
35:12 Gold Mining
36:15 Leather Archer Armor
37:03 Gold Shaft Mining
37:17 Ballistics
37:16 Town Patrol
43:01 Pikeman
only1
1:20 Loom
13:17 Feudal Age
19:30 Castle Age
31:42 Imperial Age
29:48 Padded Archer Armor
29:39 Fletching
31:50 Squires
31:35 Arson
31:36 Gambesons
31:11 Man-at-Arms
34:34 Leather Archer Armor
34:14 Bodkin Arrow
34:29 Double-Bit Axe
34:35 Gold Mining
34:35 Stone Mining
34:29 Horse Collar
36:00 Conscription
38:47 Hoardings
42:05 Elite Composite Bowman
sueyroagustin
10:56 Feudal Age
18:14 Horse Collar
21:23 Double-Bit Axe
25:57 Castle Age
40:17 Pikeman
40:59 Squires
45:13 Forging
45:21 Scale Mail Armor
46:17 Wheelbarrow
45:29 Loom
Jewish Conspirator
12:15 Feudal Age
13:37 Wheelbarrow
15:36 Double-Bit Axe
15:44 Gold Mining
19:55 Castle Age
18:31 Stone Mining
18:41 Gold Mining
31:24 Imperial Age
30:03 Hand Cart
34:23 Stone Shaft Mining
36:25 Caravan
37:31 Elite Organ Gun
38:52 Bow Saw
43:07 Chemistry
Carloscba6669
3:30 Loom
12:36 Feudal Age
16:18 Double-Bit Axe
22:57 Castle Age
26:09 Man-at-Arms
27:14 Long Swordsman
32:40 Forging
32:32 Scale Mail Armor
37:24 Bow Saw
36:58 Horse Collar
37:12 Stone Mining
37:38 Gold Mining
38:47 Iron Casting
40:33 Wheelbarrow
40:39 Chain Mail Armor
44:17 Imperial Age
42:54 Hand Cart
44:14 Ballistics
44:28 Legionary
46:14 Blast Furnace
46:29 Chemistry
45:47 Ballistas
46:04 Conscription
benitezamir
11:38 Feudal Age
14:21 Double-Bit Axe
18:01 Castle Age
17:45 Stone Mining
18:14 Man-at-Arms
18:55 Squires
19:00 Scale Mail Armor
18:49 Horse Collar
21:44 Fishing Lines
29:13 Scale Mail Armor
29:47 Bow Saw
30:41 Forging
32:52 Wheelbarrow
33:01 Gillnets
35:56 Imperial Age
34:15 Heavy Plow
34:34 Chain Mail Armor
34:14 Long Swordsman
36:12 Iron Casting
35:29 Fletching
36:12 Anarchy
37:09 Perfusion
37:12 Two-Handed Swordsman
39:29 Hand Cart
40:42 Blast Furnace
39:39 Bodkin Arrow
39:33 Elite Huskarl
41:11 Crop Rotation
40:37 Gold Mining
46:02 Town Watch
46:52 Bracer
47:59 Two-Man Saw
48:05 Chemistry
47:26 Ballistics
jhonzx_11
13:25 Feudal Age
18:38 Castle Age
17:50 Double-Bit Axe
20:39 Wheelbarrow
22:09 Stone Mining
23:36 Bow Saw
26:30 Gold Mining
30:43 Hand Cart
30:22 Loom
31:20 Gold Shaft Mining
37:02 Imperial Age
35:06 Husbandry
35:23 Forging
35:19 Scale Barding Armor
37:04 Fortified Wall
37:14 Ballistics
37:03 Cavalier
39:22 Iron Casting
39:08 Chain Barding Armor
39:15 Conscription
38:29 Paladin
41:29 Chemistry
Lauchabtz
0:32 Loom
12:48 Feudal Age
16:40 Castle Age
14:41 Horse Collar
15:18 Double-Bit Axe
19:25 Gold Mining
25:14 Bow Saw
26:20 Redemption
28:50 Squires
32:23 Scale Mail Armor
32:13 Fletching
37:03 Imperial Age
36:05 Heavy Plow
37:08 Chain Mail Armor
36:49 Bodkin Arrow
37:09 Thumb Ring
37:25 Stone Mining
37:11 Capped Ram
39:15 Conscription
42:34 Sanctity
41:58 Elite Skirmisher
43:49 Andean Sling
44:21 Forging
44:35 Bracer
45:06 Plate Mail Armor
45:04 Ballistics
45:46 Chemistry
46:14 Elite Kamayuk
46:56 Fabric Shields
Connection lost

Rejoining the realm…

Still unreachable

The connection could not be restored.

Session expired

The server has moved on; the page needs a fresh start.